IL
DURHAM BULLS @ NORFOLK TIDES
04/22/2048
 
TOP OF THE 1ST
Durham Bulls batting - Pitching for Norfolk Tides : RHP Sam Wilson
Pitching: RHP Sam Wilson
Batting: RHB Jonathan Fraire 0-0: Foul Ball, location: 2F
0-1: Fly out, F8 (Line Drive, 8RD, EV 91.2 MPH)
Batting: RHB David Ward 0-0: Ball
1-0: Called Strike
1-1: Ball
2-1: Foul Ball, location: 2F
2-2: Ball
3-2: Strikes out swinging
Batting: LHB Davion Lewis 0-0: Ball
1-0: Foul Ball, location: 2F
1-1: Ball
2-1: SINGLE (Flyball, 8LS, EV 87.5 MPH)
Batting: RHB Sesto Carpini 0-0: Foul Ball, location: 2F
0-1: Fly out, F8 (Flyball, 8RM, EV 74.4 MPH)
Top of the 1st over - 0 runs, 1 hit, 0 errors, 1 left on base; Durham 0 - Norfolk 0
BOTTOM OF THE 1ST
Norfolk Tides batting - Pitching for Durham Bulls : RHP Chet Tague
Pitching: RHP Chet Tague
Batting: LHB Tyler Allen 0-0: Called Strike
0-1: Swinging Strike
0-2: Hit by Pitch
Batting: LHB Jose Chinchilla 0-0: Called Strike
0-1: SINGLE (Flyball, 78S, EV 87.5 MPH)
Tyler Allen to second
Runner from 2nd tries for 3rd, SAFE, throw by LF made to third
Batting: LHB Wes Goscinski 0-0: Ball
1-0: Ball
2-0: Foul Ball, location: 2F
2-1: Foul Ball, location: 2F
2-2: Strikes out swinging
Batting: RHB Muneer Maudad 0-0: Fly out, F8 (Flyball, 89S, EV 93.1 MPH)
Batting: SHB Brian Bentz 0-0: Fielders Choice at 2nd, U6 (Groundball, 6M, EV 103.1 MPH)
Bottom of the 1st over - 0 runs, 1 hit, 0 errors, 2 left on base; Durham 0 - Norfolk 0
TOP OF THE 2ND
Durham Bulls batting - Pitching for Norfolk Tides : RHP Sam Wilson
Batting: RHB Kevin Benfield 0-0: Called Strike
0-1: Ball
1-1: Foul Ball, location: 2F
1-2: Strikes out swinging
Batting: RHB Jose Arriola 0-0: Called Strike
0-1: Called Strike
0-2: Ball
1-2: Ball
2-2: Fly out, F9 (Flyball, 89S, EV 85.0 MPH)
Batting: RHB Freddy Mullen 0-0: Ball
1-0: Ball
2-0: Called Strike
2-1: Swinging Strike
2-2: Ground out U3 (Groundball, 34, EV 90.6 MPH)
Top of the 2nd over - 0 runs, 0 hits, 0 errors, 0 left on base; Durham 0 - Norfolk 0
BOTTOM OF THE 2ND
Norfolk Tides batting - Pitching for Durham Bulls : RHP Chet Tague
Batting: RHB Travis Carter 0-0: Ball
1-0: Foul Ball, location: 2F
1-1: Foul Ball, location: 2F
1-2: SINGLE (Groundball, 4MD, EV 108.1 MPH)
Batting: RHB Ryan Taylor 0-0: Grounds into double play, 6-4-3 (Groundball, 6, EV 90.0 MPH)
Batting: RHB Andrew Korman 0-0: Called Strike
0-1: Ball
1-1: Ground out 5-3 (Groundball, 56, EV 86.9 MPH)
Bottom of the 2nd over - 0 runs, 1 hit, 0 errors, 0 left on base; Durham 0 - Norfolk 0
TOP OF THE 3RD
Durham Bulls batting - Pitching for Norfolk Tides : RHP Sam Wilson
Batting: RHB Antonio Pacheco 0-0: Ball
1-0: Foul Ball, location: 2F
1-1: Called Strike
1-2: Strikes out looking
Batting: RHB John Downing 0-0: Reached on error, E3 (Groundball, 34S, EV 65.0 MPH)
Batting: RHB Jonathan Fraire 0-0: Foul Ball, location: 2F
0-1: Ball
1-1: Ball
2-1: Called Strike
2-2: Ball
3-2: Strikes out swinging
Batting: RHB David Ward 0-0: Called Strike
0-1: SINGLE (Line Drive, 6MD, EV 95.0 MPH)
John Downing to second
Batting: LHB Davion Lewis 0-0: Ball
1-0: Ground out U3 (Groundball, 3, EV 98.8 MPH)
Top of the 3rd over - 0 runs, 1 hit, 1 error, 2 left on base; Durham 0 - Norfolk 0
BOTTOM OF THE 3RD
Norfolk Tides batting - Pitching for Durham Bulls : RHP Chet Tague
Batting: RHB Andy Bridger 0-0: SINGLE (Line Drive, 89S, EV 93.8 MPH)
Batting: LHB Tyler Allen 0-0: Called Strike
0-1: Ball
1-1: Foul Ball, location: 2F
1-2: Ball
2-2: Foul Ball, location: 2F
2-2: Strikes out swinging
Batting: LHB Jose Chinchilla 0-0: Called Strike
0-1: Foul Ball, location: 2F
0-2: Ball
1-2: Strikes out swinging
Batting: LHB Wes Goscinski 0-0: Called Strike
0-1: Called Strike
0-2: Ball
1-2: Ball
Andy Bridger steals 2nd base
2-2: Ball
3-2: Strikes out looking
Bottom of the 3rd over - 0 runs, 1 hit, 0 errors, 1 left on base; Durham 0 - Norfolk 0
TOP OF THE 4TH
Durham Bulls batting - Pitching for Norfolk Tides : RHP Sam Wilson
Batting: RHB Sesto Carpini 0-0: Ball
1-0: Ball
2-0: Ground out 6-3 (Groundball, 6, EV 106.9 MPH)
Batting: RHB Kevin Benfield 0-0: Called Strike
0-1: Ball
1-1: Ball
2-1: Fly out, F4 (Flyball, 34D, EV 88.8 MPH)
Batting: RHB Jose Arriola 0-0: Ball
1-0: Called Strike
1-1: Swinging Strike
1-2: Ground out 6-3 (Groundball, 56, EV 97.5 MPH)
Top of the 4th over - 0 runs, 0 hits, 0 errors, 0 left on base; Durham 0 - Norfolk 0
BOTTOM OF THE 4TH
Norfolk Tides batting - Pitching for Durham Bulls : RHP Chet Tague
Batting: RHB Muneer Maudad 0-0: Foul Ball, location: 2F
0-1: Fly out, F4 (Flyball, 34D, EV 82.5 MPH)
Batting: SHB Brian Bentz 0-0: Ball
1-0: Foul Ball, location: 2F
1-1: Called Strike
1-2: Ball
2-2: Strikes out swinging
Batting: RHB Travis Carter 0-0: Called Strike
0-1: Ball
1-1: Called Strike
1-2: Ground out 5-3 (Groundball, 56S, EV 74.4 MPH)
Bottom of the 4th over - 0 runs, 0 hits, 0 errors, 0 left on base; Durham 0 - Norfolk 0
TOP OF THE 5TH
Durham Bulls batting - Pitching for Norfolk Tides : RHP Sam Wilson
Batting: RHB Freddy Mullen 0-0: Ball
1-0: Ground out 6-3 (Groundball, 56D, EV 103.1 MPH)
Batting: RHB Antonio Pacheco 0-0: Swinging Strike
0-1: Ball
1-1: Ball
2-1: Foul Ball, location: 2F
2-2: Strikes out looking
Batting: RHB John Downing 0-0: Ball
1-0: Called Strike
1-1: Foul Ball, location: 2F
1-2: Strikes out swinging
Top of the 5th over - 0 runs, 0 hits, 0 errors, 0 left on base; Durham 0 - Norfolk 0
BOTTOM OF THE 5TH
Norfolk Tides batting - Pitching for Durham Bulls : RHP Chet Tague
Batting: RHB Ryan Taylor 0-0: Called Strike
0-1: Foul Ball, location: 2F
0-2: Ground out 5-3 (Groundball, 56S, EV 89.4 MPH)
Batting: RHB Andrew Korman 0-0: Called Strike
0-1: Ball
1-1: Called Strike
1-2: Ball
2-2: Foul Ball, location: 2F
2-2: Foul Ball, location: 2F
2-2: SINGLE (Groundball, 56D, EV 103.1 MPH)
Batting: RHB Andy Bridger 0-0: Swinging Strike
0-1: Foul Ball, location: 2F
0-2: Ball
1-2: Ball
2-2: Ball
3-2: Base on Balls
Andrew Korman to second
Batting: LHB Tyler Allen 0-0: Ball
1-0: Ball
2-0: Ball
3-0: Base on Balls
Andrew Korman to third
Andy Bridger to second
Batting: LHB Jose Chinchilla 0-0: SINGLE (Groundball, 34, EV 99.4 MPH)
Andrew Korman scores
Andy Bridger to third
Tyler Allen to second
Runner from 3rd tries for Home, SAFE, throw by RF to home
Batting: LHB Wes Goscinski 0-0: Ball
1-0: SINGLE (Line Drive, 9S, EV 101.2 MPH)
Tyler Allen to third
Jose Chinchilla to second
Batting: RHB Muneer Maudad 0-0: Ball
1-0: Ball
Wild Pitch!
Tyler Allen scores
Jose Chinchilla to third
Wes Goscinski to second
2-0: Ball
3-0: Base on Balls
Batting: SHB Brian Bentz 0-0: Called Strike
0-1: Grounds into fielders choice 4-2 (Groundball, 34, EV 89.4 MPH)
Wes Goscinski to third
Muneer Maudad to second
Batting: RHB Travis Carter 0-0: Called Strike
0-1: Ball
1-1: Called Strike
1-2: Fly out, F8 (Flyball, 78M, EV 91.9 MPH)
Bottom of the 5th over - 3 runs, 3 hits, 0 errors, 3 left on base; Durham 0 - Norfolk 3
TOP OF THE 6TH
Durham Bulls batting - Pitching for Norfolk Tides : RHP Sam Wilson
Batting: RHB Jonathan Fraire 0-0: Ball
1-0: Ball
2-0: Ball
3-0: Called Strike
3-1: Fly out, F9 (Line Drive, 89M, EV 86.2 MPH)
Batting: RHB David Ward 0-0: Ball
1-0: Ground out 6-3 (Groundball, 6S, EV 91.2 MPH)
Batting: LHB Davion Lewis 0-0: Foul Ball, location: 2F
0-1: Ball
1-1: Called Strike
1-2: Strikes out looking
Top of the 6th over - 0 runs, 0 hits, 0 errors, 0 left on base; Durham 0 - Norfolk 3
BOTTOM OF THE 6TH
Norfolk Tides batting - Pitching for Durham Bulls : RHP Chet Tague
Batting: RHB Ryan Taylor 0-0: Called Strike
0-1: Swinging Strike
0-2: Ball
1-2: SINGLE (Groundball, 5S, EV 65.0 MPH) (infield hit)
Batting: RHB Andrew Korman 0-0: Grounds into double play, 2-6-3 (Groundball, 13S, EV 71.9 MPH)
Batting: RHB Andy Bridger 0-0: Called Strike
0-1: Ground out 6-3 (Groundball, 6, EV 85.6 MPH)
Bottom of the 6th over - 0 runs, 1 hit, 0 errors, 0 left on base; Durham 0 - Norfolk 3
TOP OF THE 7TH
Durham Bulls batting - Pitching for Norfolk Tides : RHP Sam Wilson
Batting: RHB Sesto Carpini 0-0: Ball
1-0: Called Strike
1-1: Fly out, F8 (Flyball, 8RD, EV 76.2 MPH)
Batting: RHB Kevin Benfield 0-0: Ball
1-0: Foul Ball, location: 2F
1-1: Foul Ball, location: 2F
1-2: Fly out, F7 (Flyball, 7S, EV 91.2 MPH)
Batting: RHB Jose Arriola 0-0: Ball
1-0: Ball
2-0: Fly out, F8 (Flyball, 8LXD, EV 98.8 MPH)
Top of the 7th over - 0 runs, 0 hits, 0 errors, 0 left on base; Durham 0 - Norfolk 3
BOTTOM OF THE 7TH
Norfolk Tides batting - Pitching for Durham Bulls : RHP Chet Tague
Batting: LHB Tyler Allen 0-0: Ball
1-0: Foul Ball, location: 2F
1-1: Ground out 4-3 (Groundball, 4M, EV 110.6 MPH)
Batting: LHB Jose Chinchilla 0-0: Fly out, F9 (Flyball, 9, EV 81.9 MPH)
Batting: LHB Wes Goscinski 0-0: Swinging Strike
0-1: Ball
1-1: Ball
2-1: Swinging Strike
2-2: Ground out 5-3 (Groundball, 6, EV 89.4 MPH)
Bottom of the 7th over - 0 runs, 0 hits, 0 errors, 0 left on base; Durham 0 - Norfolk 3
TOP OF THE 8TH
Durham Bulls batting - Pitching for Norfolk Tides : RHP Sam Wilson
Batting: RHB Freddy Mullen 0-0: Ball
1-0: Ball
2-0: Called Strike
2-1: Called Strike
2-2: Ball
3-2: Fly out, F8 (Flyball, 78M, EV 97.5 MPH)
Batting: RHB Antonio Pacheco 0-0: Ball
1-0: SINGLE (Line Drive, 89M, EV 91.9 MPH)
Pitching: RHP Brent Widder
Pinch Hitting: SHB Brett McEwen 0-0: Fly out, F8 (Flyball, 89M, EV 91.9 MPH)
Batting: RHB Jonathan Fraire 0-0: Ball
Wild Pitch!
Antonio Pacheco to second
1-0: SINGLE (Groundball, P, EV 81.9 MPH) (infield hit)
Antonio Pacheco to third
Batting: RHB David Ward 0-0: Ball
1-0: Ball
2-0: Called Strike
2-1: Ball
3-1: Foul Ball, location: 2F
3-2: Base on Balls
Jonathan Fraire to second
Batting: LHB Davion Lewis 0-0: Swinging Strike
0-1: Ball
1-1: Swinging Strike
1-2: Strikes out swinging
Top of the 8th over - 0 runs, 2 hits, 0 errors, 3 left on base; Durham 0 - Norfolk 3
BOTTOM OF THE 8TH
Norfolk Tides batting - Pitching for Durham Bulls : RHP Chet Tague
Now at 3B: Paul Landes
Batting: RHB Muneer Maudad 0-0: Called Strike
0-1: Ball
1-1: Ball
2-1: Called Strike
2-2: Ball
3-2: Strikes out swinging
Batting: SHB Brian Bentz 0-0: Called Strike
0-1: Ground out 1-3 (Groundball, 34S, EV 67.5 MPH)
Batting: RHB Travis Carter 0-0: Called Strike
0-1: Ball
1-1: Foul Ball, location: 2F
1-2: Foul Ball, location: 2F
1-2: Strikes out looking
Bottom of the 8th over - 0 runs, 0 hits, 0 errors, 0 left on base; Durham 0 - Norfolk 3
TOP OF THE 9TH
Durham Bulls batting - Pitching for Norfolk Tides : RHP Brent Widder
Batting: RHB Sesto Carpini 0-0: Ball
1-0: Ball
2-0: Ground out 3-1 (Groundball, 34, EV 88.8 MPH)
Batting: RHB Kevin Benfield 0-0: Ball
1-0: Ball
2-0: Called Strike
2-1: Foul Ball, location: 2F
2-2: Ball
3-2: Strikes out swinging
Batting: RHB Jose Arriola 0-0: Called Strike
0-1: SINGLE (Groundball, 34D, EV 100.6 MPH)
Batting: RHB Freddy Mullen 0-0: Called Strike
0-1: Ground out U3 (Groundball, 3S, EV 86.9 MPH)
Top of the 9th over - 0 runs, 1 hit, 0 errors, 1 left on base; Durham 0 - Norfolk 3
Tuesday, March 28th , 2023 - OOTP Baseball 23.10 Build 110